[Event "*** Monthly 3|2 Blitz Masters"]
[Site "Chess.com"]
[Date "2014.10.28"]
[Round "2"]
[White "Th3ChessViking"]
[Black "KingPetrosian"]
[Result "1-0"]
[WhiteElo "2390"]
[BlackElo "2091"]
[TimeControl "180+2"]
[EndTime "12:15:18 PDT"]
[Termination "Th3ChessViking won by resignation"]

1. d4 Nf6 2. Nf3 d5 3. Bf4 e6 4.
e3 h6 5. Nbd2 Bd6 6. Bg3 Bxg3 7.
hxg3 O-O 8. Bd3 Nc6 9. c3 Qe7 10.
Bb5 Bd7 11. Bxc6 Bxc6 12. Ne5 Qd6 13. g4 Nd7 14. f4 Nxe5 15. dxe5 Qe7 16. g5 f6 17.
exf6 gxf6 18. gxh6 Qh7 19. Qg4+ Kf7 20. Qh5+ Ke7 21. O-O-O Be8 22. Qh4 a5 23. g4 b5 24.
g5 Bg6 25. gxf6+ Rxf6 26. Rhg1 Kf7 27. e4 b4 28. Nf3 Ke7 29. e5 Rf8 30. exf6+ Rxf6 31. Ne5 bxc3 32. Rxg6 1-0

[Event "*** Monthly 3|2 Blitz Masters"]
[Site "Chess.com"]
[Date "2014.10.28"]
[Round "2"]
[White "GMG"]
[Black "KaydenTroffChess"]
[Result "1-0"]
[WhiteElo "2310"]
[BlackElo "2332"]
[TimeControl "180+2"]
[EndTime "12:15:46 PDT"]
[Termination "GMG won by resignation"]

1. c4 Nf6 2. Nc3 e5 3. Nf3 Nc6 4. g3 Nd4 5. Bg2 Nxf3+ 6. Bxf3 Bb4 7. Qb3 Bxc3 8. Qxc3 e4 9. Bg2 O-O 10. O-O c6 11. d3 exd3 12. Qxd3 h6 13. b3 d5 14. cxd5 Nxd5 15. Rd1 Be6 16. Ba3 Re8 17. e4 Nc7 18. f3 Nb5 19. Bc5 Qa5 20. a4 Nc7 21. b4 Qa6 22. Qd6 Rac8 23. Qd4 b6 24. Bd6 Red8 25.
Bf1 Qb7 26. Qc3 Ne8 27. Be5 f6 28. Bd4 Nd6 29. e5 fxe5 30. Bxe5 Ne8 31. Bd3 Qf7 32. Ba6 Ra8 33. Qxc6 Bb3 34. Rxd8 Rxd8 35. Qc3 Bd5 36.
Rf1 Rd7 37. Rd1 Re7 38. Rxd5 Kh8 39. Bc4 Qf5 40. Bxg7+ 1-0

[Event "*** Monthly 3|2 Blitz Masters"]
[Site "Chess.com"]
[Date "2014.10.28"]
[Round "2"]
[White "gumersindo"]
[Black "exoticprincess"]
[Result "0-1"]
[WhiteElo "2135"]
[BlackElo "2460"]
[TimeControl "180+2"]
[EndTime "12:16:14 PDT"]
[Termination "exoticprincess won by resignation"]

1. d4 Nf6 2. c4 e6 3. Nc3 Bb4 4.
Qc2 O-O 5. a3 Bxc3+ 6. Qxc3 d6 7. Nf3 b6 8. Qc2 Bb7 9. g3 Nc6 10. Be3 Ng4 11. Bg2 Nxe3 12. fxe3 h6 13. O-O Qe7 14. b4 a6 15. e4 e5 16. d5 Nb8 17.
Rfc1 Nd7 18. Ne1 Qg5 19. Qd3 Rae8 20. Nf3 Qg4 21. Nh4 Bc8 22. Qf3 Qg5 23. Qd3 g6 24.
Rf1 Kg7 25. h3 Nf6 26. Kh2 Nh5 27. Rac1 f5 28. exf5 gxf5 29. c5 f4 30. g4 Ng3 31.
Nf3 Nxf1+ 32. Rxf1 e4 33. Nxg5 exd3 34. Ne6+ Bxe6 35. dxe6 dxe2 36. Re1 f3 0-1

[Event "*** Monthly 3|2 Blitz Masters"]
[Site "Chess.com"]
[Date "2014.10.28"]
[Round "2"]
[White "ruzomberok"]
[Black "Carolina-moon"]
[Result "1/2-1/2"]
[WhiteElo "2237"]
[BlackElo "2069"]
[TimeControl "180+2"]
[EndTime "12:16:30 PDT"]
[Termination "Game drawn by repetition"]

1. d4 f5 2. Bg5 g6 3. c4 Bg7 4.
Nc3 d6 5. e4 Nc6 6. Nf3 h6 7. Be3 e5 8. exf5 Bxf5 9. Bd3 Nge7 10. d5 Nd4 11. Bxd4 exd4 12. Ne2 c5 13. dxc6 bxc6 14. Nexd4 Bxd4 15. Nxd4 Qa5+ 16. Kf1 O-O 17. Nxf5 Nxf5 18. Kg1 Rae8 19. h3 Nd4 20. g3 Re1+ 21.
Qxe1 Nf3+ 22. Kg2 Nxe1+ 23. Rhxe1 Qd2 24. Be2 Qxb2 25. Bf3 Qc3 26. Bxc6 Kg7 27. Bd5 Qd4 28. Rf1 Rxf2+ 29. Rxf2 Qxa1 30. Rf7+ Kh8 31. Rf8+ Kg7 32. Rf7+ Kh8 33. Rf8+ Kg7 34. Rf7+ Kh8 1/2-1/2

[Event "*** Monthly 3|2 Blitz Masters"]
[Site "Chess.com"]
[Date "2014.10.28"]
[Round "2"]
[White "Iran_Chess_Trainer"]
[Black "Trendle"]
[Result "0-1"]
[WhiteElo "2377"]
[BlackElo "2200"]
[TimeControl "180+2"]
[EndTime "12:16:40 PDT"]
[Termination "Trendle won by resignation"]

1. b3 f5 2. Bb2 Nf6 3. Bxf6 exf6 4. e3 d5 5. d4 Be6 6. g3 Nc6 7. Bg2 Qd7 8. Ne2 Ne7 9. Nf4 Bf7 10. Nd2 c6 11. c4 O-O-O 12. Rc1 Kb8 13. Qf3 h5 14. h4 g5 15. Nd3 Ng6 16. c5 Be6 17. b4 f4 18. exf4 Bg4 19. Qe3 Re8 20. Ne5 fxe5 21. fxe5 gxh4 22. f4 Bh6 23. O-O Rhf8 24. b5 hxg3 25.
bxc6 Qxc6 26. Qb3 Nxf4 27. Rb1 Nxg2 28. Kxg2 Bxd2 0-1

[Event "*** Monthly 3|2 Blitz Masters"]
[Site "Chess.com"]
[Date "2014.10.28"]
[Round "2"]
[White "THORK"]
[Black "SabinaFoisor"]
[Result "0-1"]
[WhiteElo "2149"]
[BlackElo "2388"]
[TimeControl "180+2"]
[EndTime "12:16:55 PDT"]
[Termination "SabinaFoisor won by resignation"]

1. e4 e6 2. Nf3 d5 3. Nc3 d4 4. Ne2 c5 5. Ng3 Nc6 6. Bb5 Bd7 7. O-O Bd6 8. d3 Nge7 9. Nd2 a6 10.
Bxc6 Bxc6 11. f4 Bc7 12. a4 O-O 13. Nf3 f6 14. Qe2 b5 15. axb5 axb5 16. Rxa8 Qxa8 17. h4 Qb8 18. Qd2 Rd8 19. h5 Qa7 20. Ne2 c4 21. g4 Ba5 22. Qd1 b4 23. b3 c3 24.
Ng3 Bc7 25. Kg2 Qb8 26. Nh4 Rf8 27. Qf3 f5 28. gxf5 exf5 29. Kh3 g6 30. hxg6 hxg6 31. Kg2 Kf7 32. Kf2 Rh8 33. Ng2 Qa8 34. Re1 Rh2 35. Kg1 Qh8 36. Qf2 Qh3 37. Re2 Ng8 38. Qxd4 Ne7 39. Qxb4 Qxg3 40. Qxc3 Bb6+ 0-1

[Event "*** Monthly 3|2 Blitz Masters"]
[Site "Chess.com"]
[Date "2014.10.28"]
[Round "2"]
[White "GMHess"]
[Black "Fischwitsch"]
[Result "1-0"]
[WhiteElo "2435"]
[BlackElo "2054"]
[TimeControl "180+2"]
[EndTime "12:17:25 PDT"]
[Termination "GMHess won by checkmate"]

1. Nf3 e6 2. g3 g5 3. d4 g4 4. Ne5 h5 5. Bg2 Bg7 6. Nc3 c5 7. Nc4 d5 8. Na3 cxd4 9. Ncb1 Nc6 10. c3 Nge7 11. O-O Qb6 12. c4 a6 13. Nd2 Bd7 14. Nb3 Rd8 15. Bg5 f6 16. Bd2 Bc8 17. Rc1 h4 18. cxd5 Nxd5 19. Nc4 Qc7 20. Nca5 Qf7 21.
Nxc6 bxc6 22. Ba5 hxg3 23. hxg3 Qh5 24. Re1 Qh2+ 25. Kf1 Rd7 26. Qxd4 f5 27. Qc5 f4 28.
Qxc6 fxg3 29. Qxe6+ Ne7 30. Rxc8+ Rd8 31. Rxd8# 1-0

[Event "*** Monthly 3|2 Blitz Masters"]
[Site "Chess.com"]
[Date "2014.10.28"]
[Round "2"]
[White "vovkcoach"]
[Black "MichiganEagle"]
[Result "1-0"]
[WhiteElo "2521"]
[BlackElo "2291"]
[TimeControl "180+2"]
[EndTime "12:17:43 PDT"]
[Termination "vovkcoach won by resignation"]

1. e4 c5 2. Nf3 e6 3. g3 Nc6 4.
Bg2 Nf6 5. Qe2 d5 6. d3 Be7 7.
O-O O-O 8. e5 Nd7 9. c4 Nb6 10.
Nc3 f5 11. exf6 Bxf6 12. Bf4 a6 13. Rfe1 Kh8 14. Rad1 Nd4 15. Nxd4 cxd4 16. Nb1 Bd7 17. c5 Na4 18. Bd6 Re8 19. b3 Nc3 20. Nxc3 dxc3 21. d4 b6 22. Qc2 bxc5 23. Bxc5 Qa5 24. Re3 Rac8 25. Rxc3 Rc6 26. b4 Qc7 27. a4 Qb7 28. Bf1 Rcc8 29. Rb1 e5 30. dxe5 Bxe5 31. Re3 d4 32.
Bg2 Bc6 33. Bxc6 Qxc6 34. Re2 Bf6 35. Rbe1 Rxe2 36. Rxe2 a5 37. b5 Qf3 38. Qe4 Qxe4 39.
Rxe4 h6 40. Bxd4 Rc1+ 41. Kg2 Bxd4 42. Rxd4 Rb1 43. Rd8+ Kh7 44. Ra8 1-0

[Event "*** Monthly 3|2 Blitz Masters"]
[Site "Chess.com"]
[Date "2014.10.28"]
[Round "2"]
[White "wannabe2700"]
[Black "liczner"]
[Result "1-0"]
[WhiteElo "2368"]
[BlackElo "2418"]
[TimeControl "180+2"]
[EndTime "12:17:45 PDT"]
[Termination "wannabe2700 won on time"]

1. d4 Nf6 2. c4 g6 3. Nc3 d5 4.
Nf3 Bg7 5. Bf4 O-O 6. e3 c5 7. dxc5 Qa5 8. Rc1 dxc4 9. Bxc4 Qxc5 10. Bb3 Nc6 11. O-O Qa5 12. a3 e5 13. Bg3 Bg4 14.
h3 Bh5 15. Bc2 Rfe8 16. Ne4 Rad8 17. Qe1 Qb6 18. b4 Nxe4 19. Bxe4 f5 20. Bc2 e4 21.
Bb3+ Kh8 22. Ng5 Rd3 23. Bc4 h6 24. Nf7+ Kh7 25. Nd6 Rd8 26. Bxd3 exd3 27. Qd2 Be2 28. Rfe1 Rd7 29. Rc5 Nd8 30. Nc4 Qf6 31. Ne5 Rd6 32.
Rc7 Ne6 33. Rf7 Qd8 34. Rc1 g5 35. Rxf5 Rd5 36. Rf7 Qe8 37. Rxb7 Nd8 38. Rc8 Rxe5 39. Bxe5 Qxe5 40. Rxd8 Kg6 41. Rxd3 Qa1+ 42. Kh2 Be5+ 43. f4 gxf4 44. exf4 1-0

[Event "*** Monthly 3|2 Blitz Masters"]
[Site "Chess.com"]
[Date "2014.10.28"]
[Round "2"]
[White "WanderingPuppet"]
[Black "GedoGluperd"]
[Result "0-1"]
[WhiteElo "2064"]
[BlackElo "2312"]
[TimeControl "180+2"]
[EndTime "12:17:55 PDT"]
[Termination "GedoGluperd won by resignation"]

1. e4 g6 2. d4 Bg7 3. Nc3 d6 4. f4 a6 5. Nf3 b5 6. a4 b4 7. Nd5 a5 8. Bd3 e6 9. Ne3 Bb7 10. O-O Nf6 11. e5 Nd5 12. Nxd5 Bxd5 13. c4 bxc3 14. bxc3 O-O 15. Ng5 c5 16. Be3 cxd4 17.
cxd4 Nc6 18. Be4 Nb4 19. Qf3 Qd7 20. Bxd5 Nxd5 21. Ne4 dxe5 22. fxe5 Rab8 23. Nc5 Qe7 24. Bd2 Qh4 25. Qe4 Qxe4 26. Nxe4 Nb4 27. Bg5 Nd5 28. Nc5 Rb4 29. Rad1 h6 30. Bc1 Rc8 31. Ba3 Rbb8 32. Rd3 Rd8 33. Rdf3 Nb4 34. Rxf7 Rb6 35. Rd7 Rf8 36. Rxf8+ Bxf8 37. Rd8 Nc6 38. Rxf8+ Kg7 39. Nxe6+ Kh7 40. Rf7+ Kh8 41. Bc5 Rb1+ 42. Kf2 Nb4 43.
Rf8+ Kh7 44. Rf7+ Kg8 45. Rg7+ Kh8 46. Be7 Nd5 47. Bf6 Rb2+ 48. Ke1 Nxf6 49. exf6 Rb6 50. f7 Rxe6+ 51. Kd2 Kxg7 0-1

[Event "*** Monthly 3|2 Blitz Masters"]
[Site "Chess.com"]
[Date "2014.10.28"]
[Round "2"]
[White "chesstatour"]
[Black "DaPazz"]
[Result "1-0"]
[WhiteElo "1806"]
[BlackElo "1857"]
[TimeControl "180+2"]
[EndTime "12:18:09 PDT"]
[Termination "chesstatour won on time"]

1. c4 c5 2. Nf3 Nf6 3. Nc3 Nc6 4.
d4 cxd4 5. Nxd4 g6 6. e4 Bg7 7.
Be2 O-O 8. O-O d6 9. Be3 a6 10. Kh1 e6 11. f3 d5 12. cxd5 exd5 13. exd5 Nb4 14. Bg5 h6 15. Bxf6 Bxf6 16. Bc4 Bxd4 17.
Qxd4 Nc2 18. Qd2 Nxa1 19. Rxa1 Kh7 20. Qd4 b5 21. Bb3 Bb7 22. Ne4 f5 23. Nc5 Qb6 24. Rd1 Rac8 25. Ne6 Qxd4 26. Nxf8+ Kg8 27. Rxd4 Rc1+ 28.
Rd1 Rxd1+ 29. Bxd1 Kxf8 30. Bb3 Ke7 31. Kg1 Kd6 32. a3 Bxd5 33. Bc2 Ke5 34. Kf2 g5 35. Ke3 f4+ 36. Kf2 Kd4 37. g3 Bc4 38. h4 gxh4 39.
gxf4 a5 40. f5 Ke5 41. Ke3 1-0

[Event "*** Monthly 3|2 Blitz Masters"]
[Site "Chess.com"]
[Date "2014.10.28"]
[Round "2"]
[White "alexsuper1987"]
[Black "dsanchez1973"]
[Result "1-0"]
[WhiteElo "2018"]
[BlackElo "1844"]
[TimeControl "180+2"]
[EndTime "12:18:23 PDT"]
[Termination "alexsuper1987 won by resignation"]

1. e4 e6 2. d4 d5 3. Nc3 Bb4 4. e5 c5 5. Bd2 a6 6. Qg4 Ne7 7.
Nf3 Nbc6 8. dxc5 Bxc5 9. Qxg7 Rg8 10. Qxh7 Qb6 11. O-O-O Bd7 12. Na4 Qa7 13. Nxc5 Qxc5 14. Be3 Qa5 15. Kb1 O-O-O 16. a3 Nf5 17. Bg5 Rg7 18. Qh5 Rdg8 19. Bf6 Rg6 20. Ng5 Be8 21. f4 Ncd4 22. Bd3 Ba4 23. Nxf7 Rxg2 24. Nd6+ Nxd6 25. exd6 Nxc2 26. Bc3 Nxa3+ 27. Ka2 Qb6 28. Qf7 Qb3+ 29. Ka1 R8g7 30. Qf8+ Kd7 31. f5 Nb5 32. fxe6+ Kc6 33. Qc8+ Kb6 34. Bxb5 Qxb5 35. Bd4+ Ka5 36.
Qc3+ Qb4 37. Bb6+ Kb5 38. Rxd5+ Kxb6 39. Qxb4+ Bb5 40. Rxb5+ axb5 41. d7 1-0

[Event "*** Monthly 3|2 Blitz Masters"]
[Site "Chess.com"]
[Date "2014.10.28"]
[Round "2"]
[White "GMNeiksans"]
[Black "VovAn1991"]
[Result "0-1"]
[WhiteElo "2462"]
[BlackElo "2399"]
[TimeControl "180+2"]
[EndTime "12:18:39 PDT"]
[Termination "VovAn1991 won by resignation"]

1. e4 c5 2. Nf3 d6 3. Bb5+ Bd7 4.
Bxd7+ Qxd7 5. O-O Nf6 6. Qe2 Nc6 7. c3 e6 8. d4 cxd4 9. cxd4 d5 10. e5 Ne4 11. Be3 Be7 12. Ne1 f6 13. f3 Ng5 14.
Nd3 O-O 15. Nd2 b6 16. Rad1 Rac8 17. f4 Ne4 18. exf6 Bxf6 19. Nxe4 dxe4 20. Ne5 Qd5 21. a3 Na5 22. Rc1 Nb3 23. Rxc8 Rxc8 24. Qa6 Rc7 25. Rd1 h6 26. h3 Rc2 27. Qa4 Kh7 28. Re1 a5 29.
Qe8 Bxe5 30. dxe5 Nd4 31. Bxd4 Qxd4+ 32. Kh1 e3 33. f5 exf5 34. e6 Qe4 35. Rg1 e2 36.
Re1 Rd2 37. Qh5 Qxe6 38. Qf3 Qe4 39. Qf2 Rd1 40. Kh2 Rxe1 41. Qxe1 Qf4+ 42. Kg1 Qe3+ 43. Kh2 Qe5+ 44. Kg1 Qxb2 45. Kf2 Qd4+ 46. Kf3 Qe4+ 47. Kf2 Qf4+ 48. Kg1 Qf1+ 0-1

[Event "*** Monthly 3|2 Blitz Masters"]
[Site "Chess.com"]
[Date "2014.10.28"]
[Round "2"]
[White "Palacios-LLera"]
[Black "DanielRensch"]
[Result "1-0"]
[WhiteElo "2211"]
[BlackElo "2348"]
[TimeControl "180+2"]
[EndTime "12:18:44 PDT"]
[Termination "Palacios-LLera won by resignation"]

1. d4 Nf6 2. Nf3 c5 3. c3 b6 4. Bf4 Bb7 5. e3 g6 6. h3 Bg7 7. Nbd2 O-O 8. Bd3 d6 9. Qe2 Nc6 10. O-O a6 11. a4 Re8 12. Bh2 Qc7 13. e4 e5 14. dxe5 Nxe5 15. Nxe5 dxe5 16. f3 Nh5 17. Nc4 Nf4 18. Bxf4 exf4 19. Rfd1 Rad8 20. Na3 Qc8 21. Bc4 Bf6 22. Rxd8 Rxd8 23. Rd1 Kg7 24. Rxd8 Bxd8 25.
Qd2 Bg5 26. Qd6 Qc6 27. Qxc6 Bxc6 28. Bxa6 Bxa4 29. Nc4 Bd8 30. Kf2 Bc7 31. Ke2 Kf6 32. Kd3 Kg5 33. Ke2 Kh4 34. Kf2 b5 35. Nd2 c4 36.
Bb7 Bb6+ 37. Kf1 Be3 38. Ke2 f6 39. Nf1 Bc1 40. Bc6 Bxb2 41. Kd2 Ba3 42. Bd5 Bc5 43.
Bg8 h5 44. Bf7 Kg5 45. Be8 f5 46. e5 Kh6 47. Ke2 g5 48. Nd2 h4 49. Nxc4 g4 50. Nd6 Kg5 51. Nxb5 Be7 52. c4 Bb3 53. Bf7 Bc5 54. Nc7 Kh6 55. Bd5 Bb6 56. Ne6 Kg6 57. Nxf4+ Kg7 58. hxg4 fxg4 59. fxg4 Kf8 60. Ng6+ Kg7 61.
Nxh4 Bc7 62. Nf5+ Kg6 63. e6 Kf6 64. e7 Ba4 65. c5 Bd7 66. Kf3 Bxf5 67. e8=Q 1-0

[Event "*** Monthly 3|2 Blitz Masters"]
[Site "Chess.com"]
[Date "2014.10.28"]
[Round "2"]
[White "jbj"]
[Black "oggy1984"]
[Result "1/2-1/2"]
[WhiteElo "2288"]
[BlackElo "2207"]
[TimeControl "180+2"]
[EndTime "12:18:58 PDT"]
[Termination "Game drawn by repetition"]

1. e4 c5 2. d4 cxd4 3. c3 Nf6 4. e5 Nd5 5. Nf3 d6 6. Qxd4 e6 7. Bb5+ Bd7 8. Bxd7+ Qxd7 9. Qg4 h5 10. Qg3 Nc6 11.
O-O h4 12. Nxh4 Nxe5 13. f4 Nc6 14.
f5 O-O-O 15. fxe6 Qxe6 16. Bd2 Ne5 17. Na3 g6 18. Rae1 Bg7 19. Nb5 a6 20. Nd4 Qd7 21. Bg5 Rde8 22. Nhf3 Ng4 23. h3 Nge3 24. Rf2 Nc4 25.
Rfe2 Rxe2 26. Rxe2 Re8 27. Rxe8+ Qxe8 28. Qg4+ f5 29.
Nxf5 gxf5 30. Qxf5+ Kb8 31. Qxd5 Nxb2 32. Qxd6+ Ka8 33. Bf6 Bxf6 34. Qxf6 Nd1 35. Qd4 Qe2 36. Qd8+ Ka7 37. Qd4+ Ka8 38. Nh4 Ne3 39. Qd8+ Ka7 40.
Qd4+ Ka8 41. Kh2 Qf2 42. Qd8+ Ka7 43. Qd4+ Ka8 44. Qh8+ Ka7 45. Qd4+ Ka8 46. Qd3 Nf1+ 47. Kh1 Ng3+ 48. Kh2 Nf1+ 49. Kh1 Ng3+ 50. Kh2 Nf1+ 51. Kh1 1/2-1/2

[Event "*** Monthly 3|2 Blitz Masters"]
[Site "Chess.com"]
[Date "2014.10.28"]
[Round "2"]
[White "lorcho"]
[Black "mokerslag"]
[Result "0-1"]
[WhiteElo "2465"]
[BlackElo "2311"]
[TimeControl "180+2"]
[EndTime "12:19:30 PDT"]
[Termination "mokerslag won on time"]

1. e4 c5 2. Nc3 Nc6 3. g3 g6 4. Bg2 Bg7 5. d3 Nf6 6. f4 d6 7. h3 O-O 8. Nf3 Rb8 9. O-O b5 10. g4 b4 11. Ne2 Nd7 12. Ng3 a5 13. g5 a4 14. a3 Nd4 15. axb4 cxb4 16. Rxa4 Qc7 17. Nxd4 Bxd4+ 18. Kh2 Nc5 19. Ra1 Bb7 20.
h4 Ra8 21. Rxa8 Rxa8 22. h5 Ra1 23. Qg4 Nxd3 24. cxd3 Rxc1 25. Rxc1 Qxc1 26. Ne2 Qxb2 27. Nxd4 Qxd4 28. Qd7 gxh5 29. Qxb7 Qf2 30. Qb8+ Kg7 31. Qxb4 Qxf4+ 32. Kg1 Qe3+ 33. Kf1 Qxd3+ 34. Kf2 h4 35. Bf3 Qc2+ 36. Be2 Kg6 37. Qd4 Qc5 38. Qxc5 dxc5 39. Bc4 Kxg5 40. Bxf7 Kf4 41. Bd5 h6 42. Kg2 Ke3 43.
Kh3 Kd3 44. Kxh4 c4 45. Kh5 c3 46. Bb3 c2 47. Bxc2+ Kxc2 48. e5 Kd3 49. e6 Ke4 50.
Kxh6 Kf5 51. Kh5 Kxe6 52. Kg4 Ke5 53. Kf3 Kd4 54. Ke2 Ke4 55. Kd2 e6 56. Ke2 e5 57.
Ke1 Ke3 58. Kd1 e4 59. Ke1 Kd3 60. Kd1 e3 61. Ke1 e2 0-1

[Event "*** Monthly 3|2 Blitz Masters"]
[Site "Chess.com"]
[Date "2014.10.28"]
[Round "2"]
[White "GeorgMeier"]
[Black "David_Klein"]
[Result "1/2-1/2"]
[WhiteElo "2514"]
[BlackElo "2346"]
[TimeControl "180+2"]
[EndTime "12:19:52 PDT"]
[Termination "Game drawn by agreement"]

1. Nf3 d5 2. g3 Nf6 3. Bg2 g6 4. b3 Bg7 5. Bb2 O-O 6. c4 c6 7.
O-O a5 8. d3 Bg4 9. Nbd2 Na6 10.
a3 Qb6 11. Qc2 Rac8 12. Rac1 Rfe8 13. Rfe1 Bxf3 14. Nxf3 e6 15. e3 Nh5 16. d4 Qd8 17. e4 dxe4 18. Rxe4 Nc7 19. Rd1 Nf6 20. Ree1 Qe7 21.
Ne5 Nd7 22. Nd3 Qf8 23. h4 Red8 24. Qe2 a4 25. b4 b5 26. Nc5 Nb6 27. Nb7 Nxc4 28.
Nxd8 Qxd8 29. Bxc6 Qd6 30. Bb7 Rb8 31. Bg2 Nd5 32.
Rd3 h5 33. Bc1 Rd8 34. Bg5 Rc8 35. g4 hxg4 36. Qxg4 Nf6 37. Bxf6 Bxf6 38. h5 g5 39. h6 Kh8 40. Rf3 Bxd4 41. Rxf7 Ne5 42. Rxe5 Qxe5 43. Bf1 Rg8 44. Qg2 Rd8 45. Kh1 Bb6 46. Qb7 Qd5+ 47. Qxd5 Rxd5 48. Kg2 Rd2 49. Bxb5 Kg8 50. Rf3 g4 51.
Rf4 Kh7 52. Bxa4 Kxh6 53. Rxg4 Rxf2+ 54. Kh3 Ra2 55. Rg3 Bd4 56. Bc6 Bb2 57. a4 Ra3 58.
Rxa3 Bxa3 59. b5 Bb4 60. Kg4 Kg6 61. b6 Ba5 62. b7 Bc7 63. a5 Bb8 64. Kf3 Kf6 65. Ke4 Ke7 66. Kd4 Kd6 67. Be4 Kc7 68.
Kc5 Ba7+ 69. Kb5 Kb8 70. Kc6 e5 71. Kd6 Bd4 72. Ke6 Ba7 73. a6 Bd4 1/2-1/2

[Event "*** Monthly 3|2 Blitz Masters"]
[Site "Chess.com"]
[Date "2014.10.28"]
[Round "2"]
[White "mat_kolosowski"]
[Black "XeresLt"]
[Result "1/2-1/2"]
[WhiteElo "2350"]
[BlackElo "2283"]
[TimeControl "180+2"]
[EndTime "12:19:56 PDT"]
[Termination "Game drawn by repetition"]

1. d4 Nf6 2. c4 g6 3. g3 Bg7 4. Bg2 O-O 5. Nc3 d6 6. Nf3 Nc6 7. O-O Bf5 8. Ne1 Rc8 9. e4 Bd7 10. Nc2 Ne8 11. Be3 a6 12. Qd2 e5 13.
d5 Ne7 14. f4 exf4 15. Bxf4 b5 16. cxb5 axb5 17. Bh6 c5 18. dxc6 Bxc6 19. Nb4 Bd7 20. Bxg7 Kxg7 21. Qd4+ Kg8 22. b3 Nc6 23. Nxc6 Bxc6 24.
Rad1 Qg5 25. Rf2 h5 26. Nd5 Bxd5 27. exd5 Ng7 28. Bf1 Nf5 29. Qd3 Ne3 30. Re1 Ng4 31. Rd2 Rfe8 32. Rde2 Rxe2 33. Rxe2 Rc1 34. Kg2 Qf6 35.
Rd2 Qe5 36. Be2 Ne3+ 37. Kh3 g5 38. Bxh5 f5 39. g4 f4 40. Qg6+ Kh8 41. Qh6+ Kg8 42.
Re2 Qxd5 43. Qg6+ Kf8 44. Qf6+ Kg8 45. Qg6+ Kf8 46. Qh6+ Ke7 47. Qg7+ Kd8 48. Qf6+ Kc7 49. Rf2 Rc5 50. Bf7 Qe5 51. Qg6 Kb6 52. Qg8 Rc7 53.
Qb8+ Rb7 54. Qd8+ Rc7 55. Qb8+ Rb7 56. Qd8+ Rc7 57. Qb8+ 1/2-1/2

[Event "*** Monthly 3|2 Blitz Masters"]
[Site "Chess.com"]
[Date "2014.10.28"]
[Round "3"]
[White "MichiganEagle"]
[Black "GMNeiksans"]
[Result "0-1"]
[WhiteElo "2284"]
[BlackElo "2474"]
[TimeControl "180+2"]
[EndTime "12:25:58 PDT"]
[Termination "GMNeiksans won by resignation"]

1. d4 Nf6 2. Nf3 e6 3. Bg5 Be7 4. Nbd2 c5 5. e3 Qc7 6. Bd3 b6 7. O-O Bb7 8. c4 d6 9. Rc1 Nbd7 10. Qe2 O-O 11. Rfe1 Rfe8 12. e4 cxd4 13. Nxd4 a6 14. Bb1 Bf8 15. N2f3 g6 16. h4 Bg7 17. b3 Rac8 18. Red1 Nc5 19. e5 dxe5 20. Qxe5 Qxe5 21. Nxe5 Nfe4 22. Bf4 f6 23. b4 fxe5 24. bxc5 Nxc5 0-1

[Event "*** Monthly 3|2 Blitz Masters"]
[Site "Chess.com"]
[Date "2014.10.28"]
[Round "3"]
[White "HZMC92"]
[Black "alexsuper1987"]
[Result "0-1"]
[WhiteElo "2131"]
[BlackElo "2043"]
[TimeControl "180+2"]
[EndTime "12:26:05 PDT"]
[Termination "alexsuper1987 won by checkmate"]

1. d4 Nf6 2. c4 c5 3. e3 e6 4. Nf3 d5 5. cxd5 exd5 6. Nc3 Nc6 7. dxc5 Bxc5 8. Bb5 O-O 9. O-O Bg4 10.
Be2 Re8 11. a3 a5 12. Nb5 Qe7 13. Bd2 Rac8 14. h3 Bh5 15. Bc3 Bxe3 16. Bxf6 gxf6 17. fxe3 Qxe3+ 18. Rf2 Ne5 19. Nd6 Bxf3 20. Bxf3 Nd3 21. Nxe8 Nxf2 22. Nxf6+ Kh8 23. Qe2 Nxh3+ 24. Kf1 Qg1# 0-1

[Event "*** Monthly 3|2 Blitz Masters"]
[Site "Chess.com"]
[Date "2014.10.28"]
[Round "3"]
[White "mokerslag"]
[Black "jcibarra"]
[Result "0-1"]
[WhiteElo "2306"]
[BlackElo "2458"]
[TimeControl "180+2"]
[EndTime "12:26:08 PDT"]
[Termination "jcibarra won by resignation"]

1. e4 c5 2. Nf3 e6 3. d4 cxd4 4. Nxd4 Bc5 5. Nb3 Bb6 6. Nc3 Ne7 7. g3 O-O 8. Bg2 f5 9. O-O fxe4 10. Bxe4 d5 11.
Bg2 Nbc6 12. Na4 Bc7 13. Be3 e5 14. c3 b6 15. Qd2 Be6 16. Rad1 Qd7 17. Nc1 h6 18. b4 Rad8 19. Nb3 d4 20. cxd4 exd4 21. Nxd4 Nxd4 22. Bxd4 Qxa4 23. Qc3 Nf5 24. Qxc7 Nxd4 25. Qe5 Qxb4 26. Rxd4 Qxd4 27. Qxe6+ Kh8 28. Be4 Rfe8 0-1

[Event "*** Monthly 3|2 Blitz Masters"]
[Site "Chess.com"]
[Date "2014.10.28"]
[Round "3"]
[White "kevin9512"]
[Black "KingPetrosian"]
[Result "1-0"]
[WhiteElo "1865"]
[BlackElo "2071"]
[TimeControl "180+2"]
[EndTime "12:26:48 PDT"]
[Termination "kevin9512 won by resignation"]

1. d4 d5 2. c4 e6 3. Nc3 Nf6 4. cxd5 exd5 5. Bg5 Be7 6. Qc2 h6 7. Bh4 c6 8. e3 Nbd7 9. Bd3 Nb6 10. Nge2 Be6 11.
O-O Qd7 12. f3 g5 13. Bf2 O-O-O 14. e4 h5 15. a4 a5 16. e5 Ne8 17. Qb3 Nc7 18.
Qxb6 Na8 19. Qxa5 Kb8 20. b4 Qc7 21. Qxc7+ Kxc7 22. b5 Nb6 23. a5 Nd7 24. b6+ Kb8 25. Rfb1 g4 26. a6 gxf3 27. gxf3 Rhg8+ 28. Kf1 Rg7 29. axb7 Kxb7 30. Ra7+ Kb8 31. Nf4 Rg5 32. Bh4 Rg7 33. Bxe7 Rdg8 34. Kf2 Re8 35. Bf6 Rgg8 36. Ra2 Nxf6 37. exf6 Rg5 38. Nxe6 fxe6 39. b7 Reg8 40. Ra8+ Kc7 41. b8=Q+ Rxb8 42. Raxb8 1-0

[Event "*** Monthly 3|2 Blitz Masters"]
[Site "Chess.com"]
[Date "2014.10.28"]
[Round "3"]
[White "wannabe2700"]
[Black "Nouki"]
[Result "0-1"]
[WhiteElo "2347"]
[BlackElo "2606"]
[TimeControl "180+2"]
[EndTime "12:27:06 PDT"]
[Termination "Nouki won by checkmate"]

1. d4 Nf6 2. c4 e6 3. Nf3 d5 4.
Nc3 Bb4 5. Bf4 c5 6. dxc5 Qa5 7. Bd2 dxc4 8. a3 Bxc3 9. Bxc3 Qxc5 10. Bb4 Qc7 11. Bd6 Qb6 12. Ne5 Ne4 13. e3 Qxd6 14. Nxc4 Qxd1+ 15. Rxd1 Nc6 16. f3 Nf6 17. e4 Ke7 18. g4 Rd8 19. Rxd8 Nxd8 20. g5 Nd7 21. e5 b6 22. Bd3 Bb7 23. Kf2 Bd5 24. Rd1 Bxc4 25.
Bxc4 Nxe5 26. Ba6 Ndc6 27. f4 Rd8 28. Rxd8 Nxd8 29. fxe5 Nc6 30. Ke3 Nxe5 31. Ke4 Kd6 32. Bb5 f5+ 33. gxf6 gxf6 34. Be2 Ng6 35. Bh5 f5+ 36.
Kd4 e5+ 37. Kc4 a6 38. Be2 Ne7 39. Kc3 Nd5+ 40. Kd2 a5 41. Bc4 e4 42. Ke2 Kc5 43. Ba2 Kd4 44. Kf2 f4 45. Ke1 f3 46. Kf2 Nf4 47. Bb1 Nd3+ 48. Kg3 Nxb2 49. Bc2 Nc4 50.
a4 Ke3 51. h4 f2 52. Bxe4 f1=Q 53. Kg4 Kxe4 54. Kh5 Qf5+ 55. Kh6 Qg6# 0-1

[Event "*** Monthly 3|2 Blitz Masters"]
[Site "Chess.com"]
[Date "2014.10.28"]
[Round "3"]
[White "oggy1984"]
[Black "AlmirDzhumaev"]
[Result "1-0"]
[WhiteElo "2215"]
[BlackElo "2202"]
[TimeControl "180+2"]
[EndTime "12:27:14 PDT"]
[Termination "oggy1984 won by checkmate"]

1. e4 e5 2. Nf3 Nc6 3. Bb5 a6 4.
Bxc6 dxc6 5. O-O Bg4 6. d3 Bd6 7. h3 Bh5 8. Be3 Qd7 9. Nbd2 h6 10. g4 Bg6 11. Nh4 Bh7 12. Nc4 Ne7 13. a4 g5 14. Nf5 Bxf5 15. exf5 f6 16. Qf3 Kf7 17.
Rfe1 Rag8 18. Kg2 h5 19. Rh1 b6 20. Nd2 a5 21. Ne4 Rh6 22. Ng3 hxg4 23. hxg4 Rgh8 24. Rxh6 Rxh6 25. Rh1 Rxh1 26. Kxh1 Nd5 27. Kg1 Nb4 28. Qh1 Bf8 29. Ne4 Bg7 30. Qh7 Qe8 31. Bxg5 fxg5 32.
Nxg5+ Kf6 33. Ne4+ Kf7 34. f6 Qh8 35. Ng5+ Kxf6 36. Qf5+ Ke7 37. Qe6+ Kd8 38. Nf7# 1-0

[Event "*** Monthly 3|2 Blitz Masters"]
[Site "Chess.com"]
[Date "2014.10.28"]
[Round "3"]
[White "Th3ChessViking"]
[Black "Trendle"]
[Result "0-1"]
[WhiteElo "2378"]
[BlackElo "2212"]
[TimeControl "180+2"]
[EndTime "12:27:45 PDT"]
[Termination "Trendle won by resignation"]

1. c4 f5 2. g3 Nf6 3. Bg2 g6 4.
Nc3 d6 5. Nf3 Bg7 6. O-O O-O 7. d3 e5 8. Rb1 Nc6 9. b4 h6 10. b5 Ne7 11. c5 Be6 12. Nd2 d5 13. Na4 c6 14. e3 g5 15. bxc6 bxc6 16. Rb7 Bc8 17. Rb4 Ba6 18. Qb3 e4 19. Nb2 Nd7 20. Qc2 Qa5 21. Ra4 Qxc5 22. Qxc5 Nxc5 23. Ra5 Nxd3 24. Rxa6 Nxc1 25. Rxc1 Bxb2 26. Rc2 Be5 27.
Nb3 Rfb8 28. h3 Rb6 29. Ra5 f4 30. gxf4 gxf4 31. Bf1 f3 32. Nc5 Kh7 33. Nd7 Rg8+ 0-1